General information
	        
			
        
        - name: BNet
 
        - type: Ladder 1vs1/FFA
 
        - host: Battle.net
 
        - saver: BEAR_AND
 
        
map: SecretValley 
        - players: 2
 
        - length: 37:39
 
        - speed: Fast
 - version: 1.22 W3XP
 - replay type:  

 
» download(121 KB)
Players
        team 1 (winner) 
              
              
BEAR_AND (
red | 126 APM | 4736 actions | 37:39)
              
 6 Mountain King 
 3 Storm Bolt
 2 Bash
 1 Avatar
 5 Paladin 
 3 Holy Light
 2 Divine Shield
 5 Blood Mage 
 1 Flame Strike
 2 Banish
 2 Siphon Mana
 
                » actions 
                
                | Assign group hotkey | 21 |  | 
| Basic commands | 30 |  | 
| Build / train | 130 |  | 
| Enter build submenu | 43 |  | 
| Enter hero's abilities submenu | 18 |  | 
| Give item / drop item | 23 |  | 
| Right click | 2930 |  | 
| Select / deselect | 497 |  | 
| Select group hotkey | 715 |  | 
| Use ability | 326 |  | 
                4736 total
 » units 
                
                | Peasant | 17 |  | 
| Priest | 1 |  | 
| Sorceress | 1 |  | 
| Dragonhawk Rider | 3 |  | 
                22 total
 » upgrades
                
                | Masonry | 3 |  | 
| Lumber Harvesting | 2 |  | 
| Magic Sentry | 1 |  | 
| Priest Training | 2 |  | 
| Sorceress Training | 2 |  | 
| Cloud | 1 |  | 
| Armor | 3 |  | 
| Swords | 3 |  | 
| Gunpowder | 1 |  | 
                18 total
 » buildings
                
                | Altar of Kings | 1 |  | 
| Farm | 10 |  | 
| Lumber Mill | 1 |  | 
| Arcane Vault | 2 |  | 
| Scout Tower | 81 |  | 
| Arcane Tower | 3 |  | 
| Guard Tower | 30 |  | 
| Keep | 1 |  | 
| Town Hall | 2 |  | 
| Castle | 1 |  | 
| Arcane Sanctum | 1 |  | 
| Gryphon Aviary | 1 |  | 
| Blacksmith | 1 |  | 
| Barracks | 1 |  | 
                136 total
 » build order
                00:07 Altar of Kings
00:18 Farm
00:49 Lumber Mill
00:52 Farm
01:02 Arcane Vault
01:12 Scout Tower
01:40 Arcane Tower
02:44 Scout Tower
02:45 Scout Tower
02:47 Scout Tower
03:27 Guard Tower
03:51 Guard Tower
04:07 Guard Tower
04:10 Scout Tower
04:15 Scout Tower
04:16 Scout Tower
04:23 Keep
04:41 Guard Tower
05:08 Guard Tower
05:12 Farm
05:14 Farm
05:32 Guard Tower
06:51 Scout Tower
06:51 Scout Tower
06:52 Scout Tower
06:53 Scout Tower
08:18 Town Hall
08:22 Scout Tower
08:23 Scout Tower
08:25 Scout Tower
08:26 Scout Tower
08:27 Scout Tower
08:28 Scout Tower
08:29 Scout Tower
08:32 Scout Tower
08:32 Scout Tower
08:33 Scout Tower
08:34 Scout Tower
08:35 Scout Tower
08:36 Scout Tower
08:37 Scout Tower
08:38 Scout Tower
08:42 Guard Tower
09:34 Castle
09:36 Guard Tower
10:04 Arcane Sanctum
10:09 Guard Tower
10:27 Guard Tower
11:32 Guard Tower
11:43 Gryphon Aviary
11:47 Blacksmith
12:04 Guard Tower
12:27 Guard Tower
12:43 Scout Tower
12:45 Scout Tower
12:45 Scout Tower
12:47 Scout Tower
12:52 Scout Tower
12:53 Scout Tower
12:54 Scout Tower
14:06 Farm
14:11 Barracks
14:33 Guard Tower
15:21 Guard Tower
15:25 Scout Tower
15:26 Scout Tower
15:28 Scout Tower
15:29 Scout Tower
15:30 Scout Tower
16:13 Guard Tower
16:15 Guard Tower
16:32 Guard Tower
16:40 Scout Tower
16:41 Scout Tower
16:42 Scout Tower
16:43 Scout Tower
16:43 Scout Tower
16:45 Scout Tower
16:45 Scout Tower
16:46 Scout Tower
17:36 Guard Tower
17:42 Guard Tower
17:43 Scout Tower
17:45 Scout Tower
18:19 Guard Tower
18:53 Guard Tower
20:19 Town Hall
20:27 Guard Tower
20:51 Scout Tower
20:55 Scout Tower
20:56 Scout Tower
20:57 Scout Tower
20:58 Scout Tower
20:59 Scout Tower
21:00 Scout Tower
21:00 Scout Tower
21:02 Scout Tower
21:02 Scout Tower
21:03 Scout Tower
21:04 Scout Tower
21:05 Scout Tower
21:05 Scout Tower
21:07 Scout Tower
21:07 Scout Tower
21:08 Scout Tower
21:09 Scout Tower
21:10 Scout Tower
21:10 Scout Tower
21:11 Scout Tower
21:12 Scout Tower
21:13 Scout Tower
21:14 Scout Tower
21:38 Guard Tower
21:38 Guard Tower
21:39 Guard Tower
22:21 Guard Tower
22:33 Guard Tower
24:05 Guard Tower
29:44 Scout Tower
29:45 Scout Tower
29:48 Scout Tower
29:49 Scout Tower
29:50 Scout Tower
29:53 Scout Tower
29:54 Scout Tower
29:56 Scout Tower
29:58 Scout Tower
32:13 Arcane Vault
32:16 Guard Tower
34:00 Farm
34:00 Farm
34:02 Farm
34:02 Farm
34:04 Farm
» items
                
                | Boots of Speed | 3 |  | 
| Staff of Teleportation | 3 |  | 
| Lesser Clarity Potion | 16 |  | 
| Scroll of Regeneration | 3 |  | 
| Staff of Sanctuary | 4 |  | 
| Orb of Fire | 2 |  | 
| Periapt of Vitality | 1 |  | 
                32 total
  
               team 2 (loser) 
              
              
» 
Ripter (
purple | 23 APM | 862 actions | 37:37)
              
 2 Death Knight 
 1 Death Coil
 1 Unholy Aura
 2 Dreadlord 
 1 Vampiric Aura
 1 Sleep
 
                » actions 
                
                | Assign group hotkey | 4 |  | 
| Build / train | 96 |  | 
| Enter build submenu | 32 |  | 
| Enter hero's abilities submenu | 4 |  | 
| Right click | 293 |  | 
| Select / deselect | 333 |  | 
| Select group hotkey | 16 |  | 
| Use ability | 84 |  | 
                862 total
 » units 
                
                | Acolyte | 9 |  | 
| Ghoul | 4 |  | 
| Necromancer | 20 |  | 
| Gargoyle | 1 |  | 
| Obsidian Statue | 2 |  | 
| Frost Wyrm | 10 |  | 
| Meatwagon | 12 |  | 
                58 total
 » upgrades
                
                | Unholy Strength | 3 |  | 
| Creature Attack | 3 |  | 
| Necromancer Training | 2 |  | 
| Skeletal Mastery | 1 |  | 
| Unholy Armor | 3 |  | 
| Freezing Breath | 1 |  | 
| Skeletal Longevity | 1 |  | 
| Creature Carapace | 2 |  | 
| Exhume Corpses | 1 |  | 
                17 total
 » buildings
                
                | Altar of Darkness | 1 |  | 
| Ziggurat | 15 |  | 
| Crypt | 1 |  | 
| Graveyard | 2 |  | 
| Nerubian Tower | 4 |  | 
| Spirit Tower | 9 |  | 
| Halls of the Dead | 1 |  | 
| Tomb of Relics | 1 |  | 
| Temple of the Damned | 2 |  | 
| Black Citadel | 1 |  | 
| Sacrificial Pit | 1 |  | 
| Slaughterhouse | 2 |  | 
| Boneyard | 2 |  | 
                42 total
 » build order
                00:09 Altar of Darkness
00:13 Ziggurat
00:59 Crypt
01:04 Graveyard
01:23 Ziggurat
01:27 Nerubian Tower
02:29 Spirit Tower
02:35 Ziggurat
03:05 Ziggurat
03:34 Spirit Tower
03:58 Spirit Tower
04:01 Halls of the Dead
04:21 Tomb of Relics
05:20 Ziggurat
05:47 Graveyard
06:15 Nerubian Tower
06:23 Temple of the Damned
06:27 Black Citadel
06:34 Sacrificial Pit
06:55 Slaughterhouse
08:37 Ziggurat
10:18 Spirit Tower
10:38 Boneyard
12:26 Ziggurat
14:17 Nerubian Tower
17:29 Boneyard
18:04 Ziggurat
19:02 Nerubian Tower
20:22 Ziggurat
21:15 Spirit Tower
21:19 Ziggurat
27:27 Spirit Tower
27:31 Ziggurat
28:17 Ziggurat
28:32 Spirit Tower
29:13 Spirit Tower
29:21 Ziggurat
32:35 Temple of the Damned
32:36 Spirit Tower
32:42 Ziggurat
32:54 Slaughterhouse
33:33 Ziggurat
 
                Chat log
          (00:13 / All) BEAR_AND: after 7 games in a row on broken shard
(00:21 / All) BEAR_AND: i'm so happy to have sv
(00:30 / All) Ripter: lol
(01:56 / All) BEAR_AND: the infamous sixth acolyte
(02:03 / All) Ripter: lol
(02:06 / All) Ripter: yup
(12:21 / All) BEAR_AND: THE DOUBLE GRAVEYARD
(13:54 / All) BEAR_AND: THE CREEPIEST CREEPJACK
(20:22 / All) BEAR_AND: Big Thanks
(22:29 / All) BEAR_AND: peace & word to your mother & father
(28:52 / All) BEAR_AND: i'm going to GIVE you top expo
(28:54 / All) BEAR_AND: that's right, take it
(32:03 / All) BEAR_AND: come on
(32:08 / All) BEAR_AND: haven't needed to staff much